Map: Oxide LE

Players

HeroMarine - Winner!

  • Race: Terran Terran
  • Spawn Location: 7:00

AGOElazer (Elazer)

  • Race: Zerg Zerg
  • League: Grandmaster
  • Spawn Location: 1:00

Event: StayAtHome Story Cup #3

VOD

Have the link to the VOD?

Description

Time

  • Played on: March 11, 2021, 7:57 a.m.
  • Length: 11:19

All games in this series

Show
View Real Time Build Order
Export as new Build Order

HeroMarine Terran - Winner!

Build Orders: Reaper Expand, Hellion Banshee 

Get SALT Encoding   

  12  0:00  SCV  
  13  0:12  SCV  
  14  0:17  Supply Depot  
  14  0:24  SCV  
  15  0:38  SCV  
  15  0:40  Barracks  
  16  0:43  Refinery  
  16  0:50  SCV  
  17  1:02  SCV  
  18  1:14  SCV  
  19  1:27  Reaper, Orbital Command  
  20  1:39  Command Center  
  20  1:48  Supply Depot  
  20  1:53  SCV  
  21  1:59  Marine  
  22  2:05  SCV  
  22  2:07  Factory  
  23  2:17  SCV  
  23  2:20  Barracks Reactor  
  24  2:29  SCV  
  25  2:41  Command Center  
  25  2:42  SCV  
  26  2:52  Orbital Command  
  26  2:54  SCV  
  27  3:01  Starport  
  27  3:04  Refinery  
  27  3:06  SCV  
  27  3:09  Hellion  
  30  3:13  Hellion  
  30  3:15  Barracks Tech Lab  
  30  3:18  SCV x2  
  34  3:30  SCV  
  34  3:31  SCV, Hellion  
  38  3:34  Hellion  
  40  3:42  SCV  
  40  3:43  SCV  
  40  3:44  Banshee  
  45  3:52  Orbital Command  
  45  3:54  Cloaking Field  
  45  3:58  SCV x2  
  45  4:01  Hellion x2  
  51  4:04  Supply Depot  
  51  4:10  SCV x2  
  51  4:12  Barracks Tech Lab  
  53  4:18  Orbital Command  
  53  4:22  SCV x2  
  59  4:24  Hellion x2  
  59  4:26  Supply Depot  
  59  4:30  Banshee  
  59  4:31  Marine  
  63  4:34  SCV x2  
  63  4:35  Stimpack  
  65  4:46  SCV x2  
  65  4:47  SCV  
  65  4:50  Barracks  
  68  4:53  Barracks, Factory Reactor  
  68  4:56  Refinery  
  68  4:57  Refinery, Supply Depot  
  68  4:58  SCV  
  68  4:59  SCV x2, Marine  
  72  5:09  Engineering Bay  
  72  5:10  SCV, Engineering Bay  
  72  5:11  SCV x2  
  75  5:17  Marine  
  76  5:23  SCV x3, Starport Reactor  
  79  5:32  Barracks  
  79  5:33  Barracks  
  79  5:35  SCV x3  
  82  5:36  Marine  
  82  5:39  Terran Infantry Armor Level 1, Terran Infantry Weapons Level 1  
  83  5:46  Supply Depot  
  83  5:47  SCV x2, Supply Depot  
  83  5:49  Siege Tank  
  88  5:50  Marine x4  
  88  5:53  Marine  
  88  5:56  Supply Depot  
  93  6:08  SCV, Marine x4, Medivac x2  
  93  6:10  Supply Depot  
  93  6:11  Supply Depot  
  102  6:15  Marine  
  102  6:17  SCV x2  
  105  6:18  Combat Shield  
  105  6:21  Barracks Reactor  
  105  6:22  Barracks Reactor  
  105  6:25  Marine x3  
  105  6:26  Marine  
  105  6:27  SCV, Supply Depot  
  105  6:29  SCV  
  111  6:34  Marine, Siege Tank  
  111  6:36  SCV  
  111  6:39  SCV  
  117  6:40  Refinery, Supply Depot  
  117  6:41  Refinery  
  117  6:43  Marine x3  
  120  6:53  Marine x2  
  122  6:54  SCV  
  122  6:56  SCV x2  
  122  6:57  Armory  
  122  6:58  Factory  
  125  7:01  Sensor Tower  
  125  7:02  Marine x3  
  128  7:10  SCV x2  
  128  7:11  SCV  
  128  7:14  Marine x2  
  132  7:16  Marine x4  
  132  7:17  Medivac, Siege Tank  
  132  7:20  Marine  
  140  7:25  SCV x2  
  140  7:26  SCV  
  140  7:27  Marine x2  
  145  7:31  Marine  
  145  7:32  Marine  
  145  7:33  Marine  
  145  7:34  Marine  
  149  7:42  Marine  
  149  7:43  Command Center, Supply Depot  
  150  7:45  Terran Infantry Weapons Level 2  
  150  7:48  Terran Infantry Armor Level 2  
  150  7:54  Marine x2  
  150  7:55  Marine x5  
  150  7:57  Marine  
  118  8:00  Marine, Medivac  
  120  8:12  Marine x3  
  113  8:13  Marine x4  
  113  8:15  Marine, Siege Tank  
  113  8:16  Factory Reactor  
  113  8:18  Marine  
  117  8:30  Marine x4  
  117  8:31  Marine x3  
  117  8:33  Marine  
  121  8:35  Marine  
  121  8:38  Medivac x2  
  123  8:45  Drilling Claws, Terran Vehicle And Ship Armor Level 1  
  123  8:47  Widow Mine  
  123  8:48  Marine x5  
  126  8:49  Marine x2  
  126  8:51  Marine  
  126  8:53  Marine  
  134  8:59  Widow Mine x2  
  138  9:06  Marine x5  
  138  9:07  Marine x2  
  138  9:08  Widow Mine  
  138  9:09  Marine, Medivac x2  
  152  9:11  Marine  
  153  9:21  Widow Mine  
  153  9:23  Marine  
  153  9:24  Marine x5  
  151  9:25  Marine  
  151  9:26  Widow Mine, Marine  
  151  9:29  Marine  
  151  9:30  Widow Mine  
  153  9:39  Medivac x2  
  153  9:41  Marine x2  
  153  9:42  Widow Mine, Marine x5  
  153  9:45  Marine  
  164  9:47  Marine  
  164  9:48  Widow Mine, Planetary Fortress  
  165  9:53  Barracks  
  165  9:55  Widow Mine, Barracks x2  
  165  9:59  Marine x2  
  169  10:01  SCV  
  169  10:02  SCV x2  
  169  10:03  Widow Mine, Marine x2  
  169  10:04  Marine  
  177  10:07  Marine x2  
  177  10:09  Marine  
  180  10:24  Factory  
  180  10:25  Factory, Marine  
  180  10:26  Marine  
  180  10:27  Medivac x2  
  179  10:31  Marine  
  179  10:33  Marine x2  
  180  10:38  Marine  
  180  10:42  Marine x2  
  180  10:44  Marine x2  
  180  10:45  Marine  
  180  10:46  Widow Mine x2  
  180  10:49  Widow Mine, Marine  
  172  10:50  Marine  
  172  10:51  Marine  
  172  10:56  Marine  
  165  11:00  Marine x2  
  165  11:02  Barracks Tech Lab x2  
  165  11:03  Barracks Tech Lab  
  174  11:07  Command Center  
Show
View Real Time Build Order
Export as new Build Order

AGOElazer Zerg 

Build Orders: Hatch First 

Get SALT Encoding   

  12  0:00  Drone  
  13  0:12  Overlord  
  13  0:18  Drone  
  14  0:31  Drone x2  
  16  0:49  Hatchery  
  15  0:52  Drone  
  16  0:59  Drone  
  16  1:00  Drone  
  18  1:13  Extractor  
  18  1:15  Spawning Pool  
  18  1:18  Drone  
  17  1:21  Drone  
  18  1:28  Drone  
  19  1:38  Drone  
  20  1:50  Overlord  
  20  2:02  Queen x2  
  20  2:05  Zergling x4  
  26  2:11  Drone  
  26  2:12  Drone  
  28  2:22  Drone  
  29  2:26  Drone  
  30  2:31  Spore Crawler  
  30  2:35  Hatchery  
  30  2:36  Drone  
  28  2:42  Metabolic Boost  
  29  2:47  Queen  
  31  2:51  Drone x2  
  31  2:55  Overlord  
  33  2:58  Drone  
  33  3:00  Drone  
  34  3:06  Drone  
  34  3:11  Overlord  
  35  3:14  Drone  
  35  3:15  Queen  
  35  3:19  Drone  
  39  3:21  Drone  
  39  3:26  Drone  
  41  3:29  Queen  
  43  3:36  Drone x3  
  43  3:38  Overlord  
  46  3:44  Zergling x6  
  49  3:49  Queen  
  49  3:54  Drone x3  
  54  3:57  Drone x2  
  54  4:00  Drone x2  
  58  4:05  Overlord  
  58  4:09  Drone  
  61  4:10  Drone x2  
  61  4:13  Drone  
  62  4:19  Drone x3  
  62  4:23  Drone x3  
  68  4:29  Hatchery  
  68  4:30  Zergling x4  
  69  4:32  Zergling x2  
  69  4:37  Spore Crawler  
  69  4:41  Zergling x4, Spore Crawler  
  69  4:42  Zergling x2  
  69  4:43  Spore Crawler  
  70  4:46  Overlord  
  70  4:47  Drone x3  
  70  4:51  Drone  
  74  4:56  Overlord  
  74  4:57  Spore Crawler  
  73  5:01  Drone  
  73  5:02  Drone, Baneling Nest  
  73  5:06  Drone x7  
  81  5:09  Zergling x2  
  81  5:12  Overlord  
  81  5:15  Zergling x4  
  81  5:20  Extractor  
  84  5:21  Drone x2, Extractor  
  84  5:24  Evolution Chamber x2  
  84  5:25  Lair  
  81  5:28  Overlord  
  81  5:29  Drone x4  
  81  5:31  Drone  
  81  5:33  Drone  
  87  5:38  Extractor  
  87  5:39  Extractor, Overlord  
  85  5:43  Drone x5  
  88  5:51  Queen  
  88  5:54  Zerg Melee Weapons Level 1, Zerg Ground Armor Level 1  
  88  5:56  Overlord  
  87  6:04  Drone x10  
  87  6:08  Drone x2  
  87  6:09  Drone  
  100  6:14  Drone x4  
  101  6:21  Drone x3  
  101  6:22  Overlord  
  101  6:23  Centrifical Hooks  
  104  6:26  Drone x3  
  104  6:29  Drone  
  104  6:31  Overlord  
  104  6:32  Baneling x4  
  108  6:38  Zergling x4  
  110  6:44  Zergling x6  
  111  6:47  Queen x3  
  111  6:48  Queen  
  111  6:50  Zergling x2  
  111  6:52  Zergling x4  
  121  6:57  Overlord  
  121  6:59  Baneling  
  121  7:00  Baneling, Spore Crawler  
  121  7:01  Zergling x14, Spore Crawler  
  126  7:04  Baneling x8  
  126  7:05  Zergling x2  
  126  7:06  Zergling x2  
  126  7:08  Overlord  
  128  7:09  Zergling x4  
  126  7:16  Overlord  
  126  7:17  Zergling x2  
  126  7:18  Zergling x8  
  131  7:23  Zergling x4  
  132  7:30  Zergling x14  
  132  7:35  Baneling x9, Zergling x6  
  142  7:39  Hatchery  
  142  7:41  Drone x4  
  145  7:44  Spore Crawler  
  145  7:45  Baneling x6  
  145  7:46  Drone  
  145  7:47  Spore Crawler  
  145  7:48  Hatchery  
  141  7:53  Zergling x6  
  141  7:58  Zergling x16  
  119  8:00  Zergling x8  
  125  8:11  Zergling x12  
  122  8:18  Zergling x4  
  119  8:21  Queen x4  
  119  8:22  Zergling x4  
  119  8:24  Zergling x2  
  127  8:29  Overseer  
  127  8:30  Zergling x2  
  127  8:31  Zergling x4  
  124  8:35  Zergling x2  
  124  8:40  Zergling x2  
  124  8:41  Zergling x8  
  127  8:44  Zergling x2  
  124  8:48  Extractor  
  124  8:49  Drone, Infestation Pit  
  124  8:50  Hydralisk Den  
  124  8:53  Drone x2  
  124  8:54  Drone x2  
  124  8:55  Baneling x15  
  123  8:56  Baneling x4, Queen x2  
  123  8:57  Zergling x2  
  123  9:01  Zerg Ground Armor Level 2, Zerg Melee Weapons Level 2  
  128  9:05  Zergling x4  
  128  9:06  Zergling x6  
  133  9:12  Drone x2  
  135  9:17  Drone x4  
  135  9:22  Drone x2  
  136  9:27  Zergling x8  
  136  9:30  Baneling x6  
  140  9:34  Overlord x8  
  140  9:38  Overseer  
  134  9:53  Zergling x28  
  148  10:05  Overlord, Hive  
  148  10:07  Drone x7, Lurker Den  
  155  10:09  Pneumatized Carapace  
  155  10:10  Overseer  
  155  10:13  Overseer  
  138  10:17  Zergling x12  
  138  10:18  Baneling x7  
  144  10:28  Zergling x28  
  138  10:44  Zergling x14  
  138  10:47  Zergling x2  
  138  10:48  Zergling x18  
  141  10:54  Hydralisk x4  
  137  11:03  Baneling x8  
  137  11:04  Baneling x12  
Tags
 
Add a new tag
Caveats
  • Supply blocks, unpowered buildings, or Contaminate may cause inaccurate times.
  • Supply counts are checked every 10 seconds.